cohdb
Replays
Latest Replays
All Replays
Popular Replays
Top Player Replays
Match Explorer
How It Works
Community
CoH3 Stats
Reddit
Sign in to upload your games and track your stats! →
Sign in with Steam
Match 45752595
Unlisted
Match 45752595
Overview
Messages
Build Orders
End
Kradschützen Motorcycle Team
Panzergrenadier Squad
Panzerpioneer Squad
Construct Light Support Kompanie
MG34 Team
Panzerjäger Squad
2.5-tonne Medical Truck
Panzerpioneer Squad
Fire Support Elements
Selects Battlefield Espionage Battlegroup
Selects Sector Subterfuge Beacon
Selects Plunder
Pak 38 Mechanized Group
Combat Half-tracks
Construct Panzerarmee Kommand
Pak 38 Anti-tank Gun Team
Panzer III L Medium Tank
Vehicle Survival Package
Emergency Repair Kits
Walking Stuka Rocket Launcher
Selects Firestorm
Selects 250/3 Funkpanzerwagen
Selects Anti-Tank Incendiary Munitions
Panzer III L Medium Tank
Firestorm
Rolling9Deep
P0ort13
peace
DebaKLeTV
Valieriumborn
shadow 2 [FOXES]
0
0
Comments
sign in to comment!
No comments posted yet!